 Dungeon Crawl Stone Soup version 0.28.0-49-g6dfe1f597d (webtiles) character file.

Game seed: 1761737550275383852

2552 101zpm the Thaumaturge (level 9, -1/55 HPs)
             Began as a Djinni Fire Elementalist on May 17, 2022.
             Was a Follower of Cheibriados.
             Killed by an exploding gnoll (7 damage)
             ... ignited by their inner flame
             ... on level 7 of the Dungeon.
             The game lasted 00:12:45 (10290 turns).

101zpm the Thaumaturge (Djinni Fire Elementalist)  Turns: 10290, Time: 00:12:46

Health: -1/55      AC:  2    Str: 10    XL:     9   Next: 86%
Gold:   342        EV:  7    Int: 23    God:    Cheibriados [*.....] SH:  0 Dex: 18

rFire   + + .      SeeInvis .   (no weapon)
rCold   x . .      Faith    .   (no shield)
rNeg    . . .      Spirit   .   a - +0 robe
rPois   ∞          Reflect  .   (no helmet)
rElec   .          Harm     .   (no cloak)
rCorr   .          Rampage  .   (no gloves)
Will    .....                   (boots unavailable)
Stlth   +++.......              (no amulet)
HPRegen 0.18/turn               (no ring)
MPRegen 0.00/turn               (no ring)

@: flying, held, very slow
A: sickness immunity, fire resistance 2, cold vulnerability 1, float, innate
caster, HP casting, extra vitality 1
a: Renounce Religion, Bend Time


You were on level 7 of the Dungeon.
You worshipped Cheibriados.
Cheibriados was aware of your devotion.
You visited 2 branches of the dungeon, and saw 8 of its levels.

You collected 342 gold pieces.

Inventory:

Hand Weapons
 A - a +1 flail of protection
Armour
 a - a +0 robe (worn)
Jewellery
 o - a ring of wizardry
 p - a ring of protection from fire
 q - an amulet of regeneration
 u - a ring of ice
Wands
 s - a wand of iceblast (18)
Scrolls
 d - a scroll of identify
 f - 4 scrolls of noise
 h - 3 scrolls of vulnerability
 j - a scroll of enchant armour
 l - 3 scrolls of blinking {unknown}
 n - 5 scrolls of teleportation {unknown}
 v - a scroll of torment {unknown}
 x - a scroll of magic mapping {unknown}
 y - a scroll of fog {unknown}
 z - a scroll of brand weapon {unknown}
Potions
 b - 4 potions of flight {unknown}
 c - a potion of magic {unknown}
 e - 4 potions of lignification {unknown}
 g - 3 potions of mutation {unknown}
 i - 2 potions of curing {unknown}
 k - a potion of attraction {unknown}
 m - 5 potions of might {unknown}
 r - a potion of resistance {unknown}
 t - 2 potions of cancellation {unknown}
 w - a potion of brilliance {unknown}


   Skills:
 + Level 0.2 Fighting
 + Level 2.6 Dodging
 + Level 3.9 Stealth
 + Level 9.5 Spellcasting


You had 4 spell levels left.
You knew the following spells:

 Your Spells              Type           Power      Damage    Failure   Level
a - Foxfire               Conj/Fire      100%       2x1d9     1%          1
b - Scorch                Fire           100%       2d10      1%          2
c - Conjure Flame         Conj/Fire      53%        6-21      1%          3
d - Inner Flame           Hex/Fire       53%        N/A       1%          3
e - Flame Wave            Conj/Fire      53%        2d11      1%          4
f - Pain                  Necr           100%       1d9       1%          1
g - Call Imp              Summ           53%        N/A       1%          2
h - Frozen Ramparts       Ice            100%       1d12      1%          3
i - Sticky Flame          Conj/Fire      53%        2d7       1%          4
Your spell library was empty.

Dungeon Overview and Level Annotations

Branches:
Dungeon (7/15)             Temple (1/1) D:4

Altars:
Ashenzari
Cheibriados
Dithmenos
Elyvilon
Fedhas
Hepliaklqana
Kikubaaqudgha
Makhleb
Nemelex Xobeh
Okawaru
Ru
Sif Muna
Vehumet
Wu Jian
Xom
Yredelemnul
Zin
The Shining One

Shops:
D:3 !

Annotations:
D:2 1 runed translucent door, Crazy Yiuf


Innate Abilities, Weirdness & Mutations

You are immune to sickness and miasma.
You are immune to poison.
Your flesh is very heat resistant. (rF++)
You are vulnerable to cold. (rC-)
You float through the air rather than walking.
You learn spells naturally, not from books.
Your magical power is your life essence.
You have superior vitality. (+4 MHP)


Message History

Aiming: Inner Flame (safe; 1% risk of failure)
Press: ? - help, Dir - move target, f/p - gnoll
Aim: a gnoll, wielding a +0 spear and quivering a throwing net (inner flame, chance to affect: 97%)
The gnoll is already burning with an inner flame!
Casting: Inner Flame (safe; 1% risk of failure)
Confirm with . or Enter, or press ? or * to list all spells.
Aiming: Inner Flame (safe; 1% risk of failure)
Press: ? - help, Dir - move target, f - gnoll sergeant, p - gnoll
Aim: a gnoll sergeant, wielding a +2 spear of freezing and wearing a +0 ring mail (chance to affect: 94%)
The gnoll sergeant is filled with an inner flame.
Casting: Inner Flame (safe; 1% risk of failure)
Confirm with . or Enter, or press ? or * to list all spells.
Aiming: Inner Flame (safe; 1% risk of failure)
Press: ? - help, Dir - move target, f - gnoll, p - gnoll sergeant
Aim: a gnoll, wielding a +0 whip (chance to affect: 97%)
The gnoll is filled with an inner flame.
You conjure some foxfire!
The gnoll hits you with a +0 whip!
The gnoll sergeant hits you from afar with a +2 spear of freezing!
* * * LOW HITPOINT WARNING * * *
The gnoll sergeant freezes you!
* * * LOW HITPOINT WARNING * * *
A jelly comes into view.
Okay, then.
Casting: Foxfire (safe; 1% risk of failure)
Confirm with . or Enter, or press ? or * to list all spells.
Flames lash the gnoll sergeant.
Flame seeps out of the gnoll sergeant.
The gnoll sergeant is lightly wounded.
The gnoll sergeant's fire resistance burns away.
* * * LOW HITPOINT WARNING * * *
The gnoll barely misses you.
The gnoll sergeant is engulfed in blazing flames.
Cheibriados appreciates the change of pace.
The gnoll sergeant explodes!
The fiery explosion engulfs the gnoll!!!
Cheibriados appreciates the change of pace. x2
You feel a bit more experienced.
You hear an explosion!
The gnoll explodes!
The fiery explosion engulfs you! You resist.
You die...

#......# #...(
#...#########
##### #...# ######
#§☼.. ......
#.○.## #######
#J§§§ ..(.... §§○
....... #§#
######. #@# #. #v#
#. #.# #.
#.################
#.................
##################


You could see a jelly.

Vanquished Creatures
  A two-headed ogre (D:7)
  Menkaure (D:7)
  Edmund (D:6)
  A water moccasin (D:5)
  2 ice beasts
  A sky beast (D:7)
  2 black bears (D:4)
  An orc warrior (D:7)
  A centaur (D:6)
  Blork the orc (D:6)
  2 bullfrogs
  A gnoll sergeant (D:7)
  A wyvern zombie (D:7)
  4 wights (D:5)
  A howler monkey (D:4)
  3 bullfrog zombies
  2 hounds
  2 jellies
  A bullfrog skeleton (D:7)
  A centaur skeleton (D:6)
  Terence (D:3)
  2 orc wizards (D:2)
  2 howler monkey skeletons (D:4)
  6 gnolls
  2 adders
  2 ufetubi
  An adder skeleton (D:4)
  3 worms
  A dart slug (D:2)
  11 orcs
  8 endoplasms
  4 giant cockroaches
  7 goblins
  7 hobgoblins
  2 jackals (D:2)
  8 quokkas
  13 ball pythons
  5 bats
  A frilled lizard (D:1)
  5 kobolds
  10 rats
131 creatures vanquished.

Vanquished Creatures (collateral kills)
  8 foxfires
8 creatures vanquished.

Vanquished Creatures (others)
  657 foxfires
  4 fungi (D:7)
  A plant (D:2)
662 creatures vanquished.

Grand Total: 801 creatures vanquished

Notes
Turn   | Place    | Note
-------+----------+-------------------------------------------
     0 | D:1      | 101zpm the Djinni Fire Elementalist began the quest for the
                  | Orb.
     0 | D:1      | Reached XP level 1. HP: 15/15 MP: 0/0
   436 | D:1      | Reached XP level 2. HP: 17/21 MP: 0/0
  1445 | D:1      | Reached skill level 3 in Spellcasting
  1597 | D:1      | Reached XP level 3. HP: 18/25 MP: 0/0
  1597 | D:1      | Learned a level 1 spell: Pain
  2096 | D:1      | Found a faded altar of an unknown god.
  2819 | D:2      | Reached XP level 4. HP: 23/31 MP: 0/0
  3119 | D:2      | Reached XP level 5. HP: 28/35 MP: 0/0
  3119 | D:2      | Learned a level 2 spell: Call Imp
  3124 | D:2      | Reached skill level 4 in Spellcasting
  4189 | D:2      | Found a runed translucent door.
  4190 | D:2      | Noticed Crazy Yiuf
  4284 | D:3      | Noticed Terence
  4287 | D:3      | Killed Terence
  4370 | D:3      | Found Vudeulacvawi's Distillery.
  5150 | D:3      | Reached XP level 6. HP: 36/40 MP: 0/0
  5517 | D:4      | Found a glowing drain.
  5795 | D:4      | Reached skill level 5 in Spellcasting
  6573 | D:4      | Reached XP level 7. HP: 39/45 MP: 0/0
  6573 | D:4      | Learned a level 3 spell: Frozen Ramparts
  6635 | D:4      | Found a staircase to the Ecumenical Temple.
  6942 | Temple   | Entered the Ecumenical Temple
  7044 | Temple   | Became a worshipper of Cheibriados the Contemplative
  7095 | D:5      | Entered Level 5 of the Dungeon
  7355 | D:5      | Reached skill level 6 in Spellcasting
  7424 | D:5      | Reached XP level 8. HP: 20/50 MP: 0/0
  8263 | D:5      | Reached skill level 7 in Spellcasting
  8598 | D:6      | Noticed Edmund
  8604 | D:6      | Killed Edmund
  8944 | D:7      | Noticed Menkaure
  8948 | D:7      | Killed Menkaure
  8949 | D:7      | Reached XP level 9. HP: 51/55 MP: 0/0
  8949 | D:7      | Learned a level 4 spell: Sticky Flame
  8993 | D:7      | Reached * piety under Cheibriados
  8994 | D:7      | Reached skill level 8 in Spellcasting
  9387 | D:6      | Noticed Blork the orc
  9394 | D:6      | Killed Blork the orc
  9750 | D:7      | Noticed a two-headed ogre
  9756 | D:7      | Killed a two-headed ogre
  9757 | D:7      | Reached skill level 9 in Spellcasting
 10290 | D:7      | Killed by an exploding gnoll... ignited by their inner
                  | flame

Illustrated notes

Levels and vault maps discovered:
D:1:      dpeg_arrival_ratfight, layout_loops_cross,
          shapermc_ecumenical_altar_acropolis
D:2:      cheibrodos_old_hovel, layout_loops_corners, serial_bayou_pond_e,
          columned_hall_lemuel, uniq_crazy_yiuf_cottage
D:3:      layout_basic, serial_shops, shop, uniq_terence
D:4:      layout_loops_cross, lemuel_temple_firewalk_b, portal_sewer_entry_f
D:5:      layout_loops_cross, grunt_decor_junction
D:6:      layout_layer_cave, enter_ossuary_2, minivault_23, uniq_blork_the_orc,
          uniq_edmund
D:7:      lemuel_slime, layout_basic,
          chequers_temple_overflow_statue_of_worship, serial_shops, shop,
          uniq_menkaure
Temple:   compressed_dpeg_circular_temple

Skill      XL: |  1  2  3  4  5  6  7  8  9 |
---------------+----------------------------+-----
Spellcasting   | 3 4 5 6 7 9 |  9.5
Stealth        | 2 3 |  3.9
Fighting       | |  0.2
Dodging        | |  2.6

Action                   |  1- 3 |  4- 6 |  7- 9 || total
-------------------------+-------+-------+-------++-------
 Cast: Foxfire           |   127 |   199 |   101 ||   427
       Scorch            |    13 |    16 |    23 ||    52
       Inner Flame       |       |     9 |    40 ||    49
       Call Imp          |       |     1 |       ||     1
  Use: Scroll            |       |       |     3 ||     3
Armor: Robe              |     1 |     1 |       ||     2
Dodge: Dodged            |     2 |       |     6 ||     8
